General information
- name: BNet
- type: Ladder team game (AT/RT)
- host: Battle.net
- saver: RiCETHEBACKSTAB
map: Deadlock
- players: 8
- length: 85:20
- speed: Fast
- version: 1.23 W3XP
- replay type: Public
» download(434 KB)
Players
team 1 (loser)

»
0tht09h29ht32ht (
yellow | 49 APM | 885 actions | 18:03)
3 Death Knight
2 Death Coil
1 Unholy Aura
2 Lich
1 Frost Nova
1 Dark Ritual
1 Dark Ranger
1 Black Arrow
» actions
| Assign group hotkey | 37 | |
| Basic commands | 26 | |
| Build / train | 46 | |
| ESC pressed | 2 | |
| Enter build submenu | 16 | |
| Enter hero's abilities submenu | 6 | |
| Give item / drop item | 1 | |
| Right click | 388 | |
| Select / deselect | 164 | |
| Select group hotkey | 146 | |
| Use ability | 53 | |
885 total
» units
| Acolyte | 7 | |
| Ghoul | 6 | |
| Gargoyle | 3 | |
| Obsidian Statue | 2 | |
| Crypt Fiend | 5 | |
23 total
» upgrades
» buildings
| Crypt | 2 | |
| Ziggurat | 5 | |
| Altar of Darkness | 1 | |
| Graveyard | 1 | |
| Tomb of Relics | 1 | |
| Nerubian Tower | 2 | |
| Halls of the Dead | 2 | |
| Slaughterhouse | 1 | |
| Sacrificial Pit | 2 | |
| Black Citadel | 1 | |
| Boneyard | 1 | |
| Spirit Tower | 2 | |
21 total
» build order
00:28 Crypt
00:32 Ziggurat
00:37 Altar of Darkness
01:18 Graveyard
01:21 Crypt
01:38 Tomb of Relics
01:58 Nerubian Tower
01:58 Nerubian Tower
03:12 Halls of the Dead
03:12 Halls of the Dead
04:04 Ziggurat
04:34 Ziggurat
06:19 Slaughterhouse
06:23 Sacrificial Pit
06:27 Black Citadel
08:46 Ziggurat
09:22 Sacrificial Pit
11:16 Boneyard
12:17 Ziggurat
14:29 Spirit Tower
14:30 Spirit Tower
» items
| Rod of Necromancy | 2 | |
| Scroll of Town Portal | 1 | |
| Orb of Corruption | 1 | |
4 total
RiCETHEBACKSTAB (
teal | 82 APM | 7023 actions | 85:20)
9 Beastmaster
3 Summon Quilbeast
3 Summon Hawk
1 Stampede
2 Summon Bear
4 Archmage
2 Brilliance Aura
2 Blizzard
» actions
| Assign group hotkey | 158 | |
| Basic commands | 12 | |
| Build / train | 269 | |
| ESC pressed | 11 | |
| Enter build submenu | 146 | |
| Enter hero's abilities submenu | 13 | |
| Give item / drop item | 5 | |
| Right click | 2909 | |
| Select / deselect | 1181 | |
| Select group hotkey | 1820 | |
| Use ability | 498 | |
7023 total
» units
| Peasant | 73 | |
| Centaur Outrunner | 3 | |
| Razormane Medicine Man | 1 | |
| Priest | 2 | |
| Dragonhawk Rider | 12 | |
| Sorceress | 2 | |
| Siege Engine | 1 | |
94 total
» upgrades
| Masonry | 3 | |
| Backpack | 1 | |
| Magic Sentry | 1 | |
| Priest Training | 2 | |
| Cloud | 1 | |
| Lumber Harvesting | 2 | |
| Sorceress Training | 2 | |
| Storm Hammers | 1 | |
| Armor | 3 | |
| Swords | 3 | |
| Animal War Training | 1 | |
20 total
» buildings
| Altar of Kings | 2 | |
| Farm | 17 | |
| Scout Tower | 120 | |
| Lumber Mill | 3 | |
| Arcane Tower | 36 | |
| Arcane Vault | 3 | |
| Guard Tower | 82 | |
| Town Hall | 5 | |
| Blacksmith | 3 | |
| Keep | 2 | |
| Castle | 1 | |
| Gryphon Aviary | 3 | |
| Arcane Sanctum | 1 | |
| Workshop | 1 | |
| Barracks | 1 | |
280 total
» build order
00:36 Altar of Kings
00:52 Farm
01:06 Farm
01:29 Scout Tower
01:50 Lumber Mill
02:00 Arcane Tower
02:09 Farm
02:41 Arcane Vault
02:46 Farm
03:09 Scout Tower
03:17 Scout Tower
03:30 Farm
03:37 Guard Tower
03:40 Scout Tower
03:47 Scout Tower
03:48 Scout Tower
03:57 Guard Tower
04:21 Guard Tower
04:22 Guard Tower
05:04 Farm
05:14 Town Hall
05:17 Scout Tower
05:19 Scout Tower
05:21 Scout Tower
05:55 Guard Tower
06:25 Arcane Vault
06:44 Town Hall
07:42 Scout Tower
07:43 Scout Tower
07:47 Scout Tower
07:50 Scout Tower
07:53 Scout Tower
07:55 Scout Tower
08:16 Scout Tower
08:19 Scout Tower
08:21 Scout Tower
08:24 Scout Tower
08:49 Guard Tower
08:49 Arcane Tower
08:50 Guard Tower
08:52 Blacksmith
08:55 Blacksmith
08:56 Guard Tower
08:58 Scout Tower
08:59 Scout Tower
09:17 Scout Tower
09:17 Scout Tower
09:26 Scout Tower
09:29 Scout Tower
09:30 Scout Tower
09:31 Scout Tower
09:32 Scout Tower
09:33 Scout Tower
09:44 Guard Tower
09:47 Scout Tower
09:48 Scout Tower
09:51 Scout Tower
09:57 Guard Tower
10:02 Scout Tower
10:03 Guard Tower
10:06 Scout Tower
10:08 Guard Tower
10:10 Scout Tower
10:14 Scout Tower
10:18 Guard Tower
10:19 Guard Tower
10:22 Guard Tower
10:22 Guard Tower
10:22 Guard Tower
10:30 Guard Tower
10:30 Guard Tower
10:57 Guard Tower
11:00 Guard Tower
11:00 Guard Tower
11:00 Guard Tower
11:07 Guard Tower
11:24 Guard Tower
11:48 Guard Tower
11:58 Keep
13:49 Scout Tower
13:50 Scout Tower
13:54 Scout Tower
13:56 Scout Tower
14:08 Scout Tower
14:11 Scout Tower
14:21 Castle
14:27 Gryphon Aviary
14:28 Gryphon Aviary
14:30 Gryphon Aviary
14:48 Scout Tower
14:49 Arcane Sanctum
14:57 Arcane Tower
14:58 Arcane Tower
15:00 Scout Tower
15:01 Scout Tower
15:06 Scout Tower
15:06 Scout Tower
15:11 Scout Tower
15:24 Arcane Tower
15:25 Guard Tower
15:25 Guard Tower
15:30 Guard Tower
15:30 Guard Tower
15:30 Guard Tower
15:31 Guard Tower
15:32 Guard Tower
15:32 Guard Tower
15:32 Guard Tower
15:33 Guard Tower
16:22 Guard Tower
16:22 Guard Tower
17:41 Scout Tower
17:45 Scout Tower
17:46 Scout Tower
17:50 Scout Tower
17:52 Scout Tower
17:55 Scout Tower
17:56 Scout Tower
18:20 Guard Tower
18:36 Guard Tower
18:55 Guard Tower
18:55 Guard Tower
20:15 Guard Tower
20:15 Guard Tower
21:05 Scout Tower
21:07 Scout Tower
21:10 Scout Tower
21:47 Arcane Vault
22:04 Guard Tower
22:05 Guard Tower
22:30 Guard Tower
23:11 Scout Tower
23:14 Scout Tower
23:46 Guard Tower
23:46 Guard Tower
23:53 Scout Tower
23:56 Scout Tower
23:57 Scout Tower
23:59 Scout Tower
24:02 Scout Tower
24:04 Scout Tower
24:23 Guard Tower
24:25 Farm
24:28 Farm
24:40 Guard Tower
24:40 Guard Tower
24:40 Guard Tower
24:44 Guard Tower
24:44 Guard Tower
24:46 Guard Tower
24:46 Guard Tower
24:47 Guard Tower
25:24 Guard Tower
25:24 Guard Tower
25:24 Guard Tower
25:25 Guard Tower
25:25 Guard Tower
25:28 Scout Tower
25:29 Scout Tower
25:33 Scout Tower
25:36 Scout Tower
25:37 Scout Tower
25:39 Scout Tower
25:40 Scout Tower
25:57 Guard Tower
26:27 Guard Tower
26:50 Guard Tower
27:12 Farm
27:13 Farm
27:14 Farm
27:54 Farm
27:55 Farm
27:55 Farm
29:04 Scout Tower
29:05 Scout Tower
29:08 Scout Tower
29:09 Scout Tower
29:26 Scout Tower
29:27 Scout Tower
29:30 Scout Tower
29:33 Arcane Tower
29:33 Arcane Tower
29:33 Arcane Tower
29:34 Arcane Tower
29:34 Arcane Tower
29:34 Arcane Tower
29:56 Arcane Tower
30:42 Arcane Tower
30:43 Arcane Tower
30:43 Arcane Tower
30:50 Farm
30:56 Farm
31:09 Scout Tower
31:36 Scout Tower
31:51 Lumber Mill
32:16 Arcane Tower
32:35 Arcane Tower
35:39 Scout Tower
35:40 Scout Tower
35:42 Scout Tower
35:45 Scout Tower
35:52 Scout Tower
35:53 Scout Tower
35:57 Scout Tower
35:57 Scout Tower
36:18 Arcane Tower
36:37 Arcane Tower
36:38 Arcane Tower
36:38 Arcane Tower
37:40 Town Hall
37:46 Arcane Tower
38:14 Town Hall
40:33 Scout Tower
40:34 Scout Tower
40:37 Scout Tower
40:38 Scout Tower
40:39 Scout Tower
40:39 Scout Tower
40:40 Scout Tower
40:41 Scout Tower
40:42 Scout Tower
40:43 Scout Tower
40:46 Scout Tower
40:46 Scout Tower
40:47 Scout Tower
40:48 Scout Tower
40:49 Scout Tower
40:54 Scout Tower
40:55 Scout Tower
40:55 Scout Tower
40:57 Scout Tower
40:58 Scout Tower
40:58 Scout Tower
40:59 Scout Tower
41:01 Scout Tower
41:01 Scout Tower
41:03 Scout Tower
41:04 Scout Tower
41:07 Scout Tower
41:08 Scout Tower
41:09 Scout Tower
41:09 Scout Tower
41:57 Arcane Tower
42:03 Arcane Tower
42:04 Arcane Tower
42:19 Guard Tower
42:51 Arcane Tower
42:52 Arcane Tower
42:54 Guard Tower
43:02 Arcane Tower
43:03 Arcane Tower
43:28 Guard Tower
43:29 Arcane Tower
43:30 Arcane Tower
43:49 Guard Tower
44:06 Arcane Tower
44:36 Arcane Tower
44:41 Guard Tower
44:41 Guard Tower
45:16 Guard Tower
45:57 Guard Tower
46:42 Town Hall
46:45 Guard Tower
47:05 Guard Tower
47:50 Lumber Mill
47:59 Guard Tower
50:07 Altar of Kings
52:00 Farm
52:08 Blacksmith
54:51 Workshop
56:34 Barracks
» items
| Scroll of Regeneration | 1 | |
| Lesser Clarity Potion | 2 | |
| Scroll of Town Portal | 3 | |
| Staff of Teleportation | 2 | |
| Potion of Mana | 1 | |
| Mechanical Critter | 1 | |
| Orb of Fire | 2 | |
| Staff of Sanctuary | 1 | |
| Boots of Speed | 1 | |
14 total
Zerock (
pink | 89 APM | 1512 actions | 17:04)
3 Blademaster
1 Wind Walk
2 Critical Strike
» actions
| Assign group hotkey | 27 | |
| Basic commands | 36 | |
| Build / train | 110 | |
| ESC pressed | 11 | |
| Enter build submenu | 32 | |
| Enter hero's abilities submenu | 3 | |
| Right click | 815 | |
| Select / deselect | 309 | |
| Select group hotkey | 61 | |
| Use ability | 108 | |
1512 total
» units
| Peon | 23 | |
| Grunt | 19 | |
| Demolisher | 2 | |
| Shaman | 3 | |
| Tauren | 11 | |
58 total
» upgrades
| Pillage | 1 | |
| Backpack | 1 | |
| Armor | 1 | |
| Shaman Training | 2 | |
| Melee Weapons | 1 | |
| Reinforced Defenses | 1 | |
| Pulverize | 1 | |
8 total
» buildings
| Altar of Storms | 1 | |
| Orc Burrow | 3 | |
| Barracks | 1 | |
| Voodoo Lounge | 4 | |
| Stronghold | 4 | |
| War Mill | 1 | |
| Watch Tower | 9 | |
| Spirit Lodge | 2 | |
| Fortress | 9 | |
| Tauren Totem | 4 | |
38 total
» build order
00:04 Altar of Storms
00:13 Orc Burrow
00:33 Barracks
01:24 Orc Burrow
02:53 Orc Burrow
03:27 Voodoo Lounge
04:17 Stronghold
04:17 Stronghold
04:18 Stronghold
04:37 War Mill
06:54 Watch Tower
06:56 Watch Tower
07:37 Spirit Lodge
07:48 Fortress
07:48 Fortress
07:49 Fortress
07:49 Fortress
07:49 Fortress
10:21 Tauren Totem
10:21 Tauren Totem
11:01 Watch Tower
11:04 Watch Tower
11:22 Watch Tower
12:27 Watch Tower
12:28 Watch Tower
13:27 Voodoo Lounge
13:51 Voodoo Lounge
13:57 Voodoo Lounge
14:29 Tauren Totem
14:30 Tauren Totem
14:37 Spirit Lodge
14:49 Watch Tower
15:01 Watch Tower
» items
| Healing Salve | 4 | |
| Potion of Lesser Invulnerability | 1 | |
| Boots of Speed | 1 | |
6 total

»
BS-DoggyStyle (
red | 23 APM | 384 actions | 16:29)
1 Blademaster
1 Wind Walk
» actions
| Assign group hotkey | 2 | |
| Build / train | 42 | |
| Enter build submenu | 15 | |
| Enter hero's abilities submenu | 1 | |
| Remove unit from queue | 1 | |
| Right click | 155 | |
| Select / deselect | 143 | |
| Select group hotkey | 1 | |
| Use ability | 24 | |
384 total
» units
» upgrades
| Pillage | 1 | |
| Melee Weapons | 1 | |
| Armor | 1 | |
| Ranged Weapons | 1 | |
| Ensnare | 1 | |
5 total
» buildings
| Orc Burrow | 7 | |
| Altar of Storms | 1 | |
| Voodoo Lounge | 1 | |
| Stronghold | 2 | |
| War Mill | 1 | |
| Beastiary | 3 | |
| Watch Tower | 2 | |
17 total
» build order
00:21 Orc Burrow
00:36 Altar of Storms
01:35 Voodoo Lounge
02:17 Stronghold
02:53 Orc Burrow
03:32 War Mill
03:37 Orc Burrow
05:23 Beastiary
05:25 Beastiary
05:27 Beastiary
05:43 Orc Burrow
06:56 Orc Burrow
13:41 Orc Burrow
13:48 Watch Tower
14:08 Watch Tower
14:25 Orc Burrow
» items
| Lesser Clarity Potion | 1 | |
| Scroll of Speed | 1 | |
2 total
team 2 (winner)

»
KODOS_FORSAKEN (
purple | 63 APM | 5367 actions | 85:20)
8 Beastmaster
3 Summon Bear
3 Summon Quilbeast
1 Stampede
1 Summon Hawk
» actions
| Assign group hotkey | 439 | |
| Basic commands | 240 | |
| Build / train | 321 | |
| Enter build submenu | 95 | |
| Enter hero's abilities submenu | 9 | |
| Give item / drop item | 5 | |
| Right click | 1822 | |
| Select / deselect | 1233 | |
| Select group hotkey | 853 | |
| Use ability | 350 | |
5367 total
» units
| Wisp | 208 | |
| Archer | 7 | |
| Centaur Outrunner | 2 | |
| Harpy Rogue | 1 | |
| Hippogryph | 11 | |
| Chimaera | 13 | |
242 total
» upgrades
| Strength of the Moon | 3 | |
| Moon Armor | 3 | |
| Nature's Blessing | 1 | |
| Improved Bows | 1 | |
| Strength of the Wild | 3 | |
| Reinforced Hides | 4 | |
| Well Spring | 1 | |
| Corrosive Breath | 1 | |
| Ultravision | 1 | |
| Hippogryph Taming | 1 | |
| Druid of the Talon Training | 3 | |
| Sentinel | 1 | |
| Vorpal Blades | 1 | |
| Upgrade Moon Glaive | 1 | |
| Marksmanship | 1 | |
| Backpack | 1 | |
| Mark of the Talon | 1 | |
| Abolish Magic | 1 | |
| Druid of the Claw Training | 2 | |
| Resistant Skin | 1 | |
| Hardened Skin | 1 | |
| Mark of the Claw | 1 | |
34 total
» buildings
| Altar of Elders | 1 | |
| Moon Well | 6 | |
| Hunter's Hall | 1 | |
| Ancient of War | 23 | |
| Tree of Ages | 8 | |
| Tree of Life | 14 | |
| Ancient of Wonders | 2 | |
| Ancient Protector | 14 | |
| Tree of Eternity | 5 | |
| Ancient of Wind | 5 | |
| Chimaera Roost | 16 | |
| Ancient of Lore | 3 | |
98 total
» build order
00:07 Altar of Elders
00:23 Moon Well
01:29 Hunter's Hall
01:53 Ancient of War
02:38 Ancient of War
02:52 Moon Well
02:55 Moon Well
04:44 Moon Well
05:39 Tree of Ages
06:02 Tree of Life
06:21 Ancient of Wonders
06:54 Tree of Life
08:28 Ancient Protector
08:49 Ancient Protector
09:44 Ancient of War
09:45 Ancient of War
09:54 Ancient Protector
10:17 Tree of Life
10:42 Ancient of War
10:45 Ancient of War
10:50 Ancient Protector
11:30 Ancient Protector
11:33 Ancient Protector
11:43 Tree of Life
11:58 Ancient Protector
11:59 Ancient Protector
12:02 Ancient of War
13:21 Ancient Protector
14:43 Ancient Protector
14:46 Ancient Protector
14:47 Ancient Protector
14:48 Ancient Protector
14:50 Ancient Protector
14:58 Tree of Life
15:01 Ancient of War
16:53 Tree of Life
17:03 Tree of Eternity
18:08 Tree of Life
19:01 Tree of Life
20:33 Tree of Life
21:04 Tree of Life
22:54 Ancient of Wind
22:55 Ancient of Wind
22:59 Ancient of Wind
23:03 Ancient of Wind
23:21 Tree of Life
27:15 Chimaera Roost
27:17 Chimaera Roost
27:19 Chimaera Roost
27:22 Chimaera Roost
31:19 Tree of Life
31:45 Chimaera Roost
33:38 Tree of Ages
37:58 Tree of Eternity
41:22 Tree of Life
43:14 Tree of Life
45:35 Tree of Ages
45:37 Tree of Ages
47:22 Tree of Ages
47:33 Ancient of Lore
47:35 Ancient of Lore
47:36 Ancient of Lore
52:02 Tree of Eternity
52:04 Tree of Ages
54:27 Tree of Ages
54:32 Tree of Ages
54:36 Tree of Eternity
55:46 Tree of Eternity
63:06 Ancient of War
63:07 Ancient of War
63:09 Ancient of War
63:10 Ancient of War
63:11 Ancient of War
63:12 Ancient of War
63:16 Ancient of War
63:17 Ancient of War
63:18 Ancient of War
63:21 Ancient of War
63:23 Ancient of War
63:48 Ancient of War
63:50 Ancient of War
63:52 Ancient of War
63:53 Ancient of War
74:51 Moon Well
74:53 Moon Well
77:24 Ancient of Wonders
78:34 Chimaera Roost
78:36 Chimaera Roost
78:37 Chimaera Roost
78:38 Chimaera Roost
78:40 Chimaera Roost
78:41 Chimaera Roost
78:43 Chimaera Roost
78:44 Chimaera Roost
78:45 Chimaera Roost
78:47 Chimaera Roost
78:49 Chimaera Roost
83:59 Ancient of Wind
» items
| Circlet of Nobility | 2 | |
| Scroll of Town Portal | 6 | |
| Lesser Clarity Potion | 1 | |
| Staff of Teleportation | 1 | |
| Orb of Venom | 2 | |
| Periapt of Vitality | 1 | |
| Potion of Lesser Invulnerability | 1 | |
| Potion of Mana | 4 | |
| Potion of Healing | 2 | |
20 total
Aok_Goblin (
blue | 41 APM | 3471 actions | 85:20)
7 Tauren Chieftain
3 Shockwave
3 Endurance Aura
1 Reincarnation
» actions
| Assign group hotkey | 47 | |
| Basic commands | 483 | |
| Build / train | 110 | |
| ESC pressed | 2 | |
| Enter build submenu | 33 | |
| Enter hero's abilities submenu | 7 | |
| Right click | 1256 | |
| Select / deselect | 705 | |
| Select group hotkey | 609 | |
| Use ability | 219 | |
3471 total
» units
| Peon | 23 | |
| Grunt | 5 | |
| Tauren | 22 | |
| Shaman | 12 | |
| Wind Rider | 13 | |
75 total
» upgrades
| Shaman Training | 2 | |
| Pulverize | 1 | |
| Armor | 3 | |
| Melee Weapons | 4 | |
| Envenomed Spears | 1 | |
11 total
» buildings
| Altar of Storms | 1 | |
| Orc Burrow | 8 | |
| Barracks | 1 | |
| Voodoo Lounge | 1 | |
| Stronghold | 1 | |
| War Mill | 1 | |
| Fortress | 1 | |
| Spirit Lodge | 1 | |
| Tauren Totem | 4 | |
| Great Hall | 2 | |
| Watch Tower | 7 | |
| Beastiary | 2 | |
30 total
» build order
00:10 Altar of Storms
00:21 Orc Burrow
00:36 Barracks
01:30 Orc Burrow
01:59 Voodoo Lounge
03:12 Stronghold
03:28 Orc Burrow
04:45 War Mill
05:59 Fortress
06:59 Spirit Lodge
08:44 Tauren Totem
08:45 Tauren Totem
09:33 Orc Burrow
09:38 Great Hall
11:23 Tauren Totem
11:25 Tauren Totem
11:51 Orc Burrow
11:53 Orc Burrow
22:24 Great Hall
23:41 Orc Burrow
31:12 Watch Tower
31:15 Watch Tower
31:16 Watch Tower
31:23 Watch Tower
31:25 Watch Tower
31:39 Watch Tower
33:54 Watch Tower
36:00 Beastiary
36:02 Beastiary
38:11 Orc Burrow
» items
| Potion of Healing | 4 | |
| Lesser Clarity Potion | 2 | |
| Healing Salve | 3 | |
| Potion of Mana | 2 | |
| Orb of Lightning | 1 | |
| Scroll of Town Portal | 2 | |
14 total
13killer (
orange | 96 APM | 8210 actions | 85:20)
8 Tauren Chieftain
3 War Stomp
3 Endurance Aura
1 Reincarnation
1 Shockwave
» actions
| Assign group hotkey | 61 | |
| Basic commands | 117 | |
| Build / train | 105 | |
| Enter build submenu | 13 | |
| Enter hero's abilities submenu | 9 | |
| Give item / drop item | 1 | |
| Right click | 1889 | |
| Select / deselect | 1253 | |
| Select group hotkey | 4614 | |
| Use ability | 146 | |
8210 total
» units
| Peon | 8 | |
| Troll Headhunter/Berserker | 46 | |
| Demolisher | 22 | |
76 total
» upgrades
| Ranged Weapons | 3 | |
| Troll Regeneration | 1 | |
| Berserker Upgrade | 1 | |
| Armor | 3 | |
| Burning Oil | 1 | |
9 total
» buildings
| Altar of Storms | 1 | |
| Orc Burrow | 7 | |
| War Mill | 1 | |
| Barracks | 3 | |
| Voodoo Lounge | 1 | |
| Stronghold | 1 | |
| Fortress | 1 | |
15 total
» build order
00:03 Altar of Storms
00:14 Orc Burrow
00:39 War Mill
01:16 Barracks
01:40 Orc Burrow
02:16 Barracks
02:26 Barracks
02:54 Voodoo Lounge
03:50 Stronghold
04:19 Orc Burrow
05:54 Orc Burrow
06:12 Fortress
07:32 Orc Burrow
11:23 Orc Burrow
14:22 Orc Burrow
» items
| Healing Salve | 2 | |
| Scroll of Town Portal | 3 | |
| Tiny Great Hall | 1 | |
6 total
Lath (
green | 16 APM | 1333 actions | 85:20)
6 Archmage
2 Summon Water Elemental
3 Brilliance Aura
1 Mass Teleport
4 Mountain King
2 Storm Bolt
2 Bash
» actions
| Assign group hotkey | 36 | |
| Basic commands | 19 | |
| Build / train | 85 | |
| Enter build submenu | 26 | |
| Enter hero's abilities submenu | 10 | |
| Remove unit from queue | 1 | |
| Right click | 394 | |
| Select / deselect | 359 | |
| Select group hotkey | 331 | |
| Use ability | 72 | |
1333 total
» units
| Peasant | 22 | |
| Footman | 3 | |
| Gryphon Rider | 6 | |
| Dragonhawk Rider | 8 | |
| Mortar Team | 9 | |
48 total
» upgrades
| Swords | 3 | |
| Masonry | 2 | |
| Lumber Harvesting | 2 | |
| Armor | 3 | |
| Storm Hammers | 1 | |
| Cloud | 1 | |
| Gunpowder | 2 | |
| Fragmentation Shards | 1 | |
| Flare | 1 | |
16 total
» buildings
| Altar of Kings | 1 | |
| Farm | 6 | |
| Blacksmith | 1 | |
| Scout Tower | 2 | |
| Barracks | 1 | |
| Keep | 1 | |
| Lumber Mill | 1 | |
| Arcane Tower | 2 | |
| Castle | 1 | |
| Gryphon Aviary | 3 | |
| Town Hall | 2 | |
| Arcane Vault | 2 | |
| Workshop | 3 | |
26 total
» build order
00:12 Altar of Kings
00:20 Farm
01:06 Blacksmith
01:38 Farm
01:58 Scout Tower
02:04 Barracks
03:05 Keep
03:08 Lumber Mill
04:09 Scout Tower
04:11 Arcane Tower
04:42 Arcane Tower
05:31 Castle
05:37 Farm
05:38 Farm
06:32 Gryphon Aviary
06:34 Gryphon Aviary
08:47 Farm
11:00 Town Hall
12:23 Arcane Vault
12:39 Arcane Vault
16:59 Farm
17:52 Town Hall
19:58 Gryphon Aviary
27:11 Workshop
28:34 Workshop
29:31 Workshop
» items
| Scroll of Town Portal | 1 | |
| Orb of Fire | 1 | |
| Potion of Healing | 1 | |
| Scroll of Regeneration | 1 | |
4 total
Chat log
(00:21 / All) KODOS_FORSAKEN: sup bird clown
(00:41 / All) KODOS_FORSAKEN: pick my hero
(00:47 / All) RiCETHEBACKSTAB: shut up noob
(00:51 / All) KODOS_FORSAKEN: WHAT
(00:56 / All) KODOS_FORSAKEN: pick my hero noob
(00:58 / All) RiCETHEBACKSTAB: fight me
(01:03 / All) KODOS_FORSAKEN: 1v1?
(01:07 / All) RiCETHEBACKSTAB: lets go
(01:19 / All) KODOS_FORSAKEN: you dodge
(01:27 / All) Lath: after this match
(01:31 / All) Lath: in the parking lot
(01:36 / All) KODOS_FORSAKEN: ok
(02:23 / All) KODOS_FORSAKEN: LOL RUIN NOOB
(02:24 / Allies) 0tht09h29ht32ht: seriously fuck these serachtimes
(02:26 / All) RiCETHEBACKSTAB: FUK U
(04:07 / All) RiCETHEBACKSTAB: MANNERS GREEN
(04:22 / Allies) 0tht09h29ht32ht: c
(05:08 / All) KODOS_FORSAKEN: i got a centaur outrunner
(05:12 / All) KODOS_FORSAKEN: his name is jim
(05:33 / All) RiCETHEBACKSTAB: hi jim
(05:43 / All) Lath: clearly its steve
(05:54 / All) KODOS_FORSAKEN: no its jim
(05:59 / All) Lath: not what hes saying
(08:41 / Allies) 0tht09h29ht32ht: ruok
(09:23 / Allies) BS-DoggyStyle: dont save me
(09:26 / Allies) BS-DoggyStyle: stay back
(09:27 / Allies) BS-DoggyStyle: fortify
(09:51 / All) Lath: lol
(10:02 / All) Lath: useless tit
(10:03 / All) Lath: lol
(10:37 / All) Lath: you learn that move all on your own red?
(10:52 / Allies) 0tht09h29ht32ht: wow im a fucking idiot
(10:55 / Allies) 0tht09h29ht32ht: i made 2 sac pits
(11:04 / Allies) 0tht09h29ht32ht: FUCK
(11:15 / All) RiCETHEBACKSTAB: fukin tower masser
(11:22 / All) KODOS_FORSAKEN: AOW MASSER
(11:41 / All) RiCETHEBACKSTAB: hacker
(11:58 / All) Lath: i saw you running by me
(12:00 / All) Lath: tool
(12:01 / All) RiCETHEBACKSTAB: dont lie hacker
(12:03 / All) KODOS_FORSAKEN: YA
(12:07 / All) Lath: dont be an idiot
(12:09 / All) RiCETHEBACKSTAB: hacker
(12:34 / Allies) 0tht09h29ht32ht: red
(12:36 / Allies) 0tht09h29ht32ht: u gonna rebuld
(12:46 / Allies) RiCETHEBACKSTAB: he cantr lol
(12:54 / Allies) 0tht09h29ht32ht: he has a main
(12:57 / Allies) RiCETHEBACKSTAB: look at food
(13:22 / Allies) 0tht09h29ht32ht: he can now
(13:23 / All) RiCETHEBACKSTAB: nice shaman hack
(13:23 / Allies) 0tht09h29ht32ht: 6/10
(13:40 / All) KODOS_FORSAKEN: tower masser
(14:10 / All) KODOS_FORSAKEN: ROFL HACKER
(14:39 / All) RiCETHEBACKSTAB: holy fuck
(14:44 / All) RiCETHEBACKSTAB: troll hacker
(15:38 / All) KODOS_FORSAKEN: you cant kill mag son
(15:55 / All) RiCETHEBACKSTAB: tell ur ally to stop troll hacking
(16:04 / All) KODOS_FORSAKEN: tell yellow to stop HACKING
(16:14 / All) Lath: agreed
(16:20 / All) RiCETHEBACKSTAB: yellow stop HACKING
(16:26 / All) Lath: oj stop hacking
(16:37 / All) Lath: even
(16:39 / All) 13killer: 10-0 run
(17:29 / All) Lath: eat cloug motha fucka
(18:31 / All) KODOS_FORSAKEN: teal you're pro
(18:40 / All) KODOS_FORSAKEN: unlike my sucky fuckin team
(20:46 / All) RiCETHEBACKSTAB: epic battle
(20:51 / All) Lath: nah
(20:55 / All) Lath: its over real soon
(20:59 / All) RiCETHEBACKSTAB: shut up you're terrible
(21:07 / All) Lath: sure
(21:14 / All) Lath: hence you doing so well?
(21:19 / All) KODOS_FORSAKEN: 38-32 rt
(24:38 / All) RiCETHEBACKSTAB: anyone else a birdclown irl?
(24:42 / All) Lath: you trying to be a resource nazi here and make us beg for them?
(25:37 / All) Lath: uncool
(26:00 / All) RiCETHEBACKSTAB: who U?
(26:02 / All) RiCETHEBACKSTAB: ROFL
(26:06 / All) RiCETHEBACKSTAB: ROFLL
(27:10 / All) 13killer: no way we can lose
(27:12 / All) 13killer: period
(27:20 / All) 13killer: not possible
(27:34 / All) 13killer: we can try to lose and still not lose
(31:00 / All) KODOS_FORSAKEN: LOL
(34:23 / All) 13killer: ok seriously stop being gay
(35:40 / All) 13killer: kodos why you doing this
(35:49 / All) 13killer: this is my last game of the night
(36:15 / All) KODOS_FORSAKEN: so?
(36:21 / All) 13killer: you're a dick i own you in 1v1
(36:26 / All) KODOS_FORSAKEN: lol
(36:36 / All) 13killer: i have beat you before
(38:37 / All) RiCETHEBACKSTAB: Im ownin u guys rofl
(38:49 / All) Aok_Goblin: ...
(40:57 / All) KODOS_FORSAKEN: leave nubs
(59:19 / All) KODOS_FORSAKEN: hey teal
(59:23 / All) KODOS_FORSAKEN: wont you leave if blue leaves
(59:26 / All) RiCETHEBACKSTAB: yep
(60:51 / All) KODOS_FORSAKEN: IT BURNS
(61:00 / All) RiCETHEBACKSTAB: ORB OF FIRE
(61:02 / All) RiCETHEBACKSTAB: BEST ORB
(61:49 / All) Aok_Goblin: who did you vote for in the presidential election?
(61:58 / All) KODOS_FORSAKEN: ron paul
(62:00 / All) RiCETHEBACKSTAB: im 12 ^_^
(62:01 / All) KODOS_FORSAKEN: #1
(62:20 / All) Aok_Goblin: Most 12 year olds are a lil more mature sorry : /
(62:31 / All) RiCETHEBACKSTAB: how am I being immature :(?
(62:36 / All) RiCETHEBACKSTAB: i just wanna win
(62:41 / All) Aok_Goblin: this was kinda gay
(62:44 / All) Aok_Goblin: as do I
(62:50 / All) KODOS_FORSAKEN: hey man play to win
(62:53 / All) RiCETHEBACKSTAB: PLAY TO WIN
(63:00 / All) Aok_Goblin: I did
(63:04 / All) Aok_Goblin: my teamate backstabbed
(63:05 / All) RiCETHEBACKSTAB: you lost bro
(63:08 / All) RiCETHEBACKSTAB: fair and square
(63:08 / All) Aok_Goblin: which is quite immature
(63:26 / All) RiCETHEBACKSTAB: you insulted his religion
(63:35 / All) Aok_Goblin: how so?
(63:58 / All) RiCETHEBACKSTAB: getting a cowman
(63:58 / All) Aok_Goblin: I try not to insult people
(64:10 / All) KODOS_FORSAKEN: yo
(64:13 / All) KODOS_FORSAKEN: im 114 food
(64:16 / All) RiCETHEBACKSTAB: hacker
(64:17 / All) KODOS_FORSAKEN: old aow cancel trick
(64:24 / All) Aok_Goblin: It's in the game though, i can't help it
(64:39 / All) Aok_Goblin: sorry if I offended your religion : /
(64:57 / All) Aok_Goblin: just trying to get my orc icon so I can switch races lol
(65:05 / All) RiCETHEBACKSTAB: what race do you play
(65:09 / All) Aok_Goblin: NE
(65:15 / All) RiCETHEBACKSTAB: gross
(65:26 / All) Aok_Goblin: UD is prolly my second best
(65:50 / All) Aok_Goblin: so you 2 are seriously 12?
(65:51 / All) RiCETHEBACKSTAB: your a fair man
(66:06 / All) Aok_Goblin: it's kinda late to be up : / I guess it is Saturday
(66:07 / All) RiCETHEBACKSTAB: may your hair shine in the golden sun in your future battles
(66:27 / All) KODOS_FORSAKEN: teal bm duel
(66:30 / All) KODOS_FORSAKEN: no summuns
(66:33 / All) KODOS_FORSAKEN: summon
(66:36 / All) KODOS_FORSAKEN: fight to the death
(66:40 / All) RiCETHEBACKSTAB: deal
(66:52 / All) KODOS_FORSAKEN: outside your base foo
(66:58 / All) RiCETHEBACKSTAB: im comin
(67:00 / All) Aok_Goblin: so you guys play any other games or is this your main game?
(67:12 / All) KODOS_FORSAKEN: GO MAG
(67:15 / All) RiCETHEBACKSTAB: MOK
(67:18 / All) KODOS_FORSAKEN: rofl mag and mok
(67:20 / All) Aok_Goblin: I play wow a lil with my wife, she likes MMO's a lot
(67:25 / All) RiCETHEBACKSTAB: i just quit wow
(67:32 / All) KODOS_FORSAKEN: you're getting owned
(67:36 / All) RiCETHEBACKSTAB: orb of venom
(67:37 / All) RiCETHEBACKSTAB: op
(67:55 / All) Aok_Goblin: yeah I don't like wow much
(67:58 / All) Aok_Goblin: rts are my fav
(68:16 / All) RiCETHEBACKSTAB: RUN ANDROMATH
(68:19 / All) Aok_Goblin: but when my wife and sons play it, kinda hard not to ya know?
(68:25 / All) RiCETHEBACKSTAB: ya
(68:31 / All) RiCETHEBACKSTAB: how olds your son
(68:35 / All) KODOS_FORSAKEN: i have 5 sons
(68:39 / All) KODOS_FORSAKEN: and 3 grandsons
(68:42 / All) KODOS_FORSAKEN: i love them
(68:45 / All) Aok_Goblin: 13 and 10
(68:49 / All) RiCETHEBACKSTAB: damn
(68:51 / All) RiCETHEBACKSTAB: oldtimer
(68:59 / All) Aok_Goblin: lol not terribly old
(69:16 / All) Aok_Goblin: found my wife in highschool, got married shortly after
(69:17 / All) KODOS_FORSAKEN: FUCK OFF TANK
(69:27 / All) KODOS_FORSAKEN: fuck wrong summon
(69:42 / All) Aok_Goblin: afk for a min
(69:59 / All) KODOS_FORSAKEN: owned
(70:02 / All) RiCETHEBACKSTAB: fuk
(70:16 / All) RiCETHEBACKSTAB: how much gold you have
(70:21 / All) KODOS_FORSAKEN: 64 k
(70:28 / All) RiCETHEBACKSTAB: damn
(70:31 / All) RiCETHEBACKSTAB: I only got 3k
(70:32 / All) KODOS_FORSAKEN: 43 k wood
(70:34 / All) RiCETHEBACKSTAB: it was a rough battle
(70:39 / All) KODOS_FORSAKEN: going up fast
(70:48 / All) RiCETHEBACKSTAB: nes are imba
(71:00 / All) RiCETHEBACKSTAB: i saved my tank but now hes stuck
(71:05 / All) KODOS_FORSAKEN: ill fight your am and bm 1 on 2
(71:22 / All) RiCETHEBACKSTAB: im a lover not a fighter
(71:39 / All) Aok_Goblin: I'm back
(71:40 / All) KODOS_FORSAKEN: mag and mok go back
(71:50 / All) KODOS_FORSAKEN: they were friends back in the day
(71:55 / All) RiCETHEBACKSTAB: ya
(72:12 / All) Aok_Goblin: so what clan you guys in? where you que together and all
(72:22 / All) KODOS_FORSAKEN: clan STNE #1
(72:24 / All) RiCETHEBACKSTAB: STNE #1
(72:31 / All) Aok_Goblin: or just RL friends?
(72:34 / All) Aok_Goblin: ah
(72:37 / All) KODOS_FORSAKEN: hes my wife
(72:39 / All) KODOS_FORSAKEN: in rl
(72:51 / All) KODOS_FORSAKEN: shes*
(72:53 / All) KODOS_FORSAKEN: my bad
(73:16 / All) RiCETHEBACKSTAB: i have a master plan
(73:19 / All) RiCETHEBACKSTAB: to unstuck my tank
(73:31 / All) KODOS_FORSAKEN: i can own your towers
(73:42 / All) KODOS_FORSAKEN: where the fuck are
(73:44 / All) KODOS_FORSAKEN: orange
(73:48 / All) KODOS_FORSAKEN: and green
(73:50 / All) KODOS_FORSAKEN: those nigs
(73:55 / All) Aok_Goblin: they went afk as well
(74:05 / All) RiCETHEBACKSTAB: FUCK
(74:17 / All) RiCETHEBACKSTAB: my plan backfired
(74:21 / All) RiCETHEBACKSTAB: now tank is ever more stuck
(74:25 / All) KODOS_FORSAKEN: well done
(75:20 / All) RiCETHEBACKSTAB: OWNED
(75:22 / All) RiCETHEBACKSTAB: UNSTUCK MY TANK
(75:27 / All) KODOS_FORSAKEN: hacker
(75:54 / All) KODOS_FORSAKEN: fuck
(75:57 / All) RiCETHEBACKSTAB: rofl.
(76:00 / All) RiCETHEBACKSTAB: immunity pot
(76:03 / All) RiCETHEBACKSTAB: Or magic
(76:44 / All) KODOS_FORSAKEN: sending 113 wisps to own you
(76:50 / All) RiCETHEBACKSTAB: be honest have you ever seen this many arcane towers
(77:13 / All) KODOS_FORSAKEN: FUU
(77:23 / All) RiCETHEBACKSTAB: they autotarget hero because wisps cant attack!
(78:14 / All) RiCETHEBACKSTAB: stampede sucks
(78:20 / All) Aok_Goblin: yeah lol
(78:25 / All) KODOS_FORSAKEN: ya really that fucking failed
(78:33 / All) RiCETHEBACKSTAB: you killed 1 tower
(78:34 / All) RiCETHEBACKSTAB: I think
(79:16 / All) RiCETHEBACKSTAB: arcane towers dont care about bear people
(79:50 / All) RiCETHEBACKSTAB: fuck
(80:21 / All) KODOS_FORSAKEN: FIGHT TREE
(80:26 / All) RiCETHEBACKSTAB: tree is brave
(80:39 / All) KODOS_FORSAKEN: NOOO
(80:41 / All) RiCETHEBACKSTAB: slow owned
(80:46 / All) RiCETHEBACKSTAB: wow
(80:48 / All) RiCETHEBACKSTAB: that tree
(80:51 / All) RiCETHEBACKSTAB: is owned
(80:53 / All) RiCETHEBACKSTAB: owning*
(81:03 / All) RiCETHEBACKSTAB: i think tree did more damage than stampede
(81:09 / All) KODOS_FORSAKEN: ta
(81:11 / All) Aok_Goblin: lol
(81:13 / All) KODOS_FORSAKEN: DDDDDDDDDDDDDDDDDDDDDDDDDDD
(81:15 / All) KODOS_FORSAKEN: D
(81:16 / All) KODOS_FORSAKEN: damn
(81:21 / All) RiCETHEBACKSTAB: close
(82:05 / All) Aok_Goblin: you guys watch basketball?
(82:13 / All) KODOS_FORSAKEN: yews
(82:16 / All) KODOS_FORSAKEN: ROFL
(82:27 / All) RiCETHEBACKSTAB: LOLLLLLLLL
(82:32 / All) KODOS_FORSAKEN: sneak attack
(82:56 / All) RiCETHEBACKSTAB: andromath is 4 now
(82:56 / All) KODOS_FORSAKEN: wow
(83:10 / All) KODOS_FORSAKEN: nig im low on gold
(83:13 / All) Aok_Goblin: I thought louisville, till michigan st rocked em
(83:14 / All) RiCETHEBACKSTAB: liar
(83:27 / All) KODOS_FORSAKEN: if ucon wins i win some money
(83:43 / All) Aok_Goblin: only way I win is if vill beat unc and mich st beats uconn
(83:44 / All) KODOS_FORSAKEN: dodge
(83:47 / All) Aok_Goblin: which prolly wont happen lol
(84:13 / All) RiCETHEBACKSTAB: okay
(84:55 / All) KODOS_FORSAKEN: lol
(85:02 / All) RiCETHEBACKSTAB: MOK FIGHTING
(85:12 / All) RiCETHEBACKSTAB: k